 Dungeon Crawl Stone Soup version 0.16.0-12-g7215832 (webtiles) character file.

15611 timbw the Basher (level 12, 0/96 HPs)
             Began as a Human Arcane Marksman on Mar 18, 2015.
             Slain by a five-headed hydra (7 damage)
             ... on level 2 of the Lair of Beasts on Mar 19, 2015.
             The game lasted 00:59:32 (16298 turns).

timbw the Basher (Human Arcane Marksman)           Turns: 16298, Time: 00:59:32

Health: 0/96       AC:  3    Str: 12    XL:     12   Next: 59%
Magic:  0/15       EV: 18    Int: 15    God:
Gold:   886        SH:  0    Dex: 16    Spells: 1 memorised, 12 levels left

rFire  . . .     SeeInvis .     q - +1 dire flail
rCold  . . .     Clarity  .     n - +0 leather armour
rNeg   . . .     SustAb   .     (no shield)
rPois  +         Gourm    .     (no helmet)
rElec  .         Spirit   +     (no cloak)
rCorr  .         Warding  .     (no gloves)
rMut   .         Stasis   .     (no boots)
MR     .....                    v - amulet of guardian spirit
Stlth  +.........               (no ring)
                                m - ring of poison resistance

@: not resistant to hostile enchantments, very unstealthy
A: spit poison 1
a: Spit Poison


You were on level 2 of the Lair of Beasts.
You were not hungry.

You visited 3 branches of the dungeon, and saw 16 of its levels.
You also visited: Sewer, Bailey and Ice Cave.

You collected 886 gold pieces.

Inventory:

Hand weapons
 q - a +1 dire flail (weapon)
 B - a +0 blowgun
 Z - a +0 great mace
Missiles
 b - 3 javelins (quivered)
 w - a throwing net
 C - 41 poisoned needles
 H - 4 curare-tipped needles
 L - 7 tomahawks
Armour
 a - a +0 robe
 n - a +0 leather armour (worn)
 D - a +0 scale mail
 N - the cursed -5 ring mail "Jiumyuduu" {rF+ Str-2 Slay+2}
   (You found it on level 4 of the Dungeon)

   It affects your strength (-2).
   It affects your accuracy and damage with ranged weapons and melee attacks
   (+2).
   It protects you from fire.
   It has a curse placed upon it.
Jewellery
 m - a ring of poison resistance (left hand)
 v - an amulet of guardian spirit (around neck)
 y - an uncursed amulet of clarity
Magical devices
 o - a wand of random effects (34)
 t - a wand of frost (15)
 A - a wand of fire (0)
 K - a wand of confusion (9)
 M - a wand of magic darts (14)
 O - a wand of disintegration (0)
 P - a wand of digging (6)
 Q - a wand of heal wounds (2)
 X - a wand of slowing (33)
Scrolls
 k - 2 scrolls of enchant armour
 l - 2 scrolls of enchant weapon
 p - 8 scrolls of amnesia
 s - 4 scrolls of remove curse
 u - 4 scrolls of teleportation
 G - 2 scrolls of fog
 R - a scroll of immolation
 S - 2 scrolls of magic mapping
Potions
 e - 2 potions of agility
 g - 2 potions of cancellation
 j - 5 potions of curing
 r - a potion of haste
 x - 3 potions of might
 z - 5 potions of flight
 E - a potion of magic
 I - a potion of restore abilities {unknown}
 U - a potion of lignification {unknown}
 V - a potion of cure mutation {unknown}
 W - a potion of invisibility {unknown}
 Y - a potion of berserk rage {unknown}
Books
 d - a book of Debilitation

   Spells                             Type                      Level
   a - Corona                         Hexes                        1
   b - Slow                           Hexes                        2
   c - Inner Flame                    Hexes/Fire                   3
   d - Enslavement                    Hexes                        4
   e - Cause Fear                     Hexes                        4
   f - Leda's Liquefaction            Hexes/Earth                  4
Comestibles
 c - 5 beef jerkies
 f - 7 bread rations
 h - 6 meat rations
 i - a chunk of flesh
 J - a royal jelly
 T - 5 slices of pizza


   Skills:
 + Level 9.4 Fighting
 * Level 13.7 Maces & Flails
 - Level 2.2 Throwing
 * Level 10.2 Dodging
 - Level 1.0 Spellcasting
 - Level 3.0 Hexes


You had 12 spell levels left.
You knew the following spells:

 Your Spells              Type           Power        Failure   Level  Hunger
a - Corona                Hex            #......      12%         1    ##.....


Dungeon Overview and Level Annotations

Branches:
Dungeon (13/15)              Lair (2/8) D:11            Orc (1/4) D:11
 Temple: D:4-7       Vaults: D:13-14

Altars:
Dithmenos
Fedhas
Gozag
Zin

Shops:
D:7 *   D:8 =

Annotations:
D:4 Prince Ribbit
D:6 dadoka's ghost, experienced DsFi


Innate Abilities, Weirdness & Mutations

You can spit poison.


Message History

The five-headed hydra is almost dead.
Evoking this partially-identified wand wasted a few charges.
The five-headed hydra bites you.
* * * LOW HITPOINT WARNING * * *
The five-headed hydra barely misses you.
The five-headed hydra bites you!
* * * LOW HITPOINT WARNING * * *
The five-headed hydra bites you.
* * * LOW HITPOINT WARNING * * *
The five-headed hydra completely misses you.
Evoke which item? (* to show all) (? for menu, Esc to quit)
Zapping:
A - a wand of fire {zapped: 2} (will waste charges)
Press: ? - help, Shift-Dir - straight line, f/p - five-headed hydra
Aim: a five-headed hydra (almost dead) Nothing appears to happen.
The five-headed hydra misses you. The five-headed hydra bites you!
* * * LOW HITPOINT WARNING * * *
The five-headed hydra barely misses you.
The five-headed hydra bites you!
You die...

#...........
##...........
#.........P
##.>.......##
#...........
##.........#
#.........# #
#.........###.##
#..(...@........
#......D........
##.........#..###
#........### ##
#...†....#
#........#
#P......<#
##.......#
#.......#


You could see a five-headed hydra.

Vanquished Creatures
  A centaur warrior (D:8)
  Pikel (D:8)
  An ugly thing (D:10)
  A cyclops (D:11)
  2 black mambas
  A gargoyle (D:11)
  A komodo dragon (Lair:2)
  Psyche (D:9)
  A troll (D:5)
  Sonja (D:11)
  3 blink frogs (Lair:1)
  Grinder (D:6)
  A basilisk (D:12)
  A human (D:7)
  14 yaks
  2 deep elf magi (D:11)
  Eustachio (D:8)
  A hog (D:7)
  2 wyverns
  A hungry ghost (D:8)
  3 wargs
  A hippogriff (Lair:1)
  Edmund (D:5)
  4 water moccasins
  6 ogres
  2 porcupines (Lair:1)
  7 orc warriors
  Purgy (Sewer)
  3 slaves (D:8)
  A sky beast (D:7)
  4 ice beasts
  A wasp (D:11)
  6 centaurs
  3 phantoms
  Sigmund (D:6)
  11 giant frogs
  2 big kobolds
  2 crocodiles (Lair:1)
  Blork the orc (D:6)
  6 killer bees (D:10)
  4 scorpions
  An electric eel (D:9)
  2 giant frog zombies
  A goliath beetle (D:6)
  6 crimson imps
  5 hounds
  A centaur zombie (D:8)
  4 jellies
  A quasit (D:11)
  12 orc priests
  6 iguanas
  7 worker ants
  11 orc wizards
  3 sheep (D:7)
  A hound skeleton (D:8)
  A mummy (D:11)
  10 river rats (Lair:1)
  2 worker ant zombies
  13 gnolls
  17 adders
  A shadow imp (D:12)
  A giant mite (D:6)
  4 white imps (IceCv)
  5 worms
  5 ufetubi (IceCv)
  2 adder zombies
  5 adder skeletons
  8 giant geckos
  An ooze (D:2)
  51 orcs
  14 bats
  3 bat skeletons
  4 giant cockroaches
  12 goblins
  12 hobgoblins
  25 kobolds
  6 quokkas
  3 ball pythons
  9 giant newts
  2 giant spores
  15 jackals
  14 rats
414 creatures vanquished.

Vanquished Creatures (others)
  An ufetubus (IceCv)
  2 giant spores
  A ballistomycete (D:6)
4 creatures vanquished.

Grand Total: 418 creatures vanquished

Notes
Turn   | Place    | Note
--------------------------------------------------------------
     0 | D:1      | timbw, the Human Arcane Marksman, began the quest for the Orb.
     0 | D:1      | Reached XP level 1. HP: 15/15 MP: 2/2
   256 | D:1      | Reached XP level 2. HP: 11/21 MP: 1/3
   360 | D:1      | Reached skill level 1 in Maces & Flails
   820 | D:1      | Reached XP level 3. HP: 24/26 MP: 4/4
  1368 | D:2      | Reached XP level 4. HP: 19/32 MP: 5/5
  1826 | D:2      | Reached XP level 5. HP: 10/37 MP: 7/7
  2129 | D:1      | Reached skill level 4 in Maces & Flails
  2604 | D:3      | You fall through a shaft for 2 floors!
  2604 | D:5      | Entered Level 5 of the Dungeon
  2680 | D:5      | Found a glowing drain.
  2970 | Sewer    | Entered a sewer
  3040 | Sewer    | Reached XP level 6. HP: 37/43 MP: 8/8
  3109 | Sewer    | Noticed Purgy
  3119 | Sewer    | Reached skill level 5 in Maces & Flails
  3124 | Sewer    | Killed Purgy
  3484 | D:5      | Reached skill level 6 in Maces & Flails
  3501 | D:6      | Noticed Grinder
  3501 | D:6      | Noticed Blork the orc
  3516 | D:5      | Noticed Edmund
  3526 | D:5      | Killed Edmund
  3526 | D:5      | Reached XP level 7. HP: 45/51 MP: 9/9
  3651 | D:4      | Noticed Prince Ribbit
  3663 | D:5      | Noticed a phantom
  3681 | D:5      | Killed a phantom
  4318 | D:3      | Reached skill level 7 in Maces & Flails
  4724 | D:4      | Got a heavily runed ring mail
  4791 | D:3      | Identified the cursed -5 ring mail "Jiumyuduu" {rF+ Str-2 Slay+2} (You found it on level 4 of the Dungeon)
  4802 | D:3      | Reached XP level 8. HP: 27/58 MP: 10/10
  5544 | D:5      | Noticed a troll
  5625 | D:5      | Killed a troll
  5625 | D:5      | Reached skill level 8 in Maces & Flails
  5770 | D:6      | Noticed dadoka's ghost (experienced DsFi)
  5952 | D:6      | Noticed Sigmund
  5969 | D:6      | Killed Sigmund
  6059 | D:6      | Reached skill level 5 in Fighting
  6112 | D:6      | Reached skill level 9 in Maces & Flails
  6112 | D:6      | Reached XP level 9. HP: 68/68 MP: 11/11
  6131 | D:6      | Killed Blork the orc
  6143 | D:6      | Paralysed by Grinder for 3 turns
  6168 | D:6      | Killed Grinder
  6272 | D:6      | Noticed an orc warrior
  6441 | D:7      | Reached skill level 10 in Maces & Flails
  6816 | D:7      | Found a flagged portal.
  6900 | Bailey   | Entered a bailey
  7201 | D:7      | Found Gozag's Platinum Reserve.
  7219 | D:7      | Found an opulent altar of Gozag.
  7261 | D:7      | Reached XP level 10. HP: 60/77 MP: 10/13
  7797 | D:8      | Reached skill level 11 in Maces & Flails
  7818 | D:8      | Found Saploliu's Jewellery Boutique.
  8440 | D:8      | Reached skill level 5 in Dodging
  9165 | D:9      | Noticed a centaur warrior
  9175 | D:8      | Killed a centaur warrior
  9320 | D:9      | Found a glowing silver altar of Zin.
  9326 | D:9      | Noticed Psyche
  9903 | D:8      | Noticed Eustachio
  9908 | D:8      | Killed Eustachio
  9947 | D:9      | Noticed Pikel
 10036 | D:8      | Killed Pikel
 10036 | D:8      | Reached XP level 11. HP: 51/86 MP: 8/14
 10231 | D:10     | Entered Level 10 of the Dungeon
 10235 | D:11     | Noticed a cyclops
 10278 | D:10     | Reached skill level 12 in Maces & Flails
 10957 | D:10     | Noticed a cyan ugly thing
 10971 | D:10     | Killed a cyan ugly thing
 11323 | D:9      | Killed Psyche
 11909 | D:11     | Killed a cyclops
 12494 | D:11     | Found a staircase to the Orcish Mines.
 12636 | D:11     | Found a staircase to the Lair.
 12740 | D:11     | Noticed Sonja
 12810 | D:11     | Killed Sonja
 13256 | D:11     | Reached skill level 13 in Maces & Flails
 13392 | D:12     | Reached XP level 12. HP: 73/94 MP: 15/15
 13523 | D:12     | Found a shadowy altar of Dithmenos.
 13814 | D:12     | Noticed a phantasmal warrior
 13840 | D:12     | Noticed a fire giant
 13978 | Lair:1   | Entered Level 1 of the Lair of Beasts
 14409 | Orc:1    | Entered Level 1 of the Orcish Mines
 14575 | Orc:1    | Found a frozen archway.
 14590 | IceCv    | Entered an ice cave
 15724 | Lair:1   | Reached skill level 10 in Dodging
 16077 | Lair:1   | Gained mutation: You can spit poison. [potion of beneficial mutation]
 16142 | Lair:1   | Found a blossoming altar of Fedhas.
 16267 | Lair:2   | Noticed a five-headed hydra
 16298 | Lair:2   | Slain by a five-headed hydra

Action                   |  1- 3 |  4- 6 |  7- 9 | 10-12 || total
-------------------------+-------+-------+-------+-------++-------
Melee: Unarmed           |    16 |       |       |       ||    16
       Mace              |    20 |       |       |       ||    20
       Whip              |    58 |    32 |       |       ||    90
       Flail             |       |   123 |     8 |       ||   131
       Dire flail        |       |       |   284 |   800 ||  1084
 Fire: Blowgun           |       |       |    32 |    12 ||    44
Throw: Javelin           |    13 |    11 |       |     4 ||    28
       Throwing net      |       |    15 |     3 |     1 ||    19
       Tomahawk          |       |       |     1 |     1 ||     2
 Cast: Corona            |    11 |       |       |       ||    11
Evoke: Wand              |       |       |     1 |     5 ||     6
  Use: Scroll            |     2 |     4 |     6 |    15 ||    27
       Potion            |       |     1 |     1 |    11 ||    13
 Stab: Held in net/web   |       |     6 |       |       ||     6
       Sleeping          |       |     1 |     1 |       ||     2
       Confused          |       |       |       |     1 ||     1
  Eat: Chunk             |     2 |     5 |    12 |    18 ||    37
       Fruit             |       |     2 |       |       ||     2
       Pizza             |       |       |       |     2 ||     2
       Meat ration       |       |       |       |     1 ||     1
       Bread ration      |       |       |       |     2 ||     2
